 Dungeon Crawl Stone Soup version 0.27.0-1-g7a089689b8 (webtiles) character file.

Game seed: 11038991608767921163

214 pkoi the Chopper (level 5, -5/42 HPs)
             Began as a Minotaur Gladiator on Aug 4, 2021.
             Was a Believer of Yredelemnul.
             Slain by Eustachio (6 damage)
             ... on level 5 of the Dungeon.
             The game lasted 00:04:29 (3250 turns).

pkoi the Chopper (Minotaur Gladiator)               Turns: 3250, Time: 00:04:30

Health: -5/42      AC:  4    Str: 17 (20) XL:     5   Next: 60%
Magic:  0/5        EV: 12    Int:  4 (5)  God:    Yredelemnul [**....]
Gold:   87         SH:  0    Dex:  9 (11) Spells: 4/4 levels left

rFire    . . .     SeeInvis .   a - +0 war axe
rCold    . . .     Faith    .   (no shield)
rNeg     . . .     Spirit   +   b - +0 leather armour
rPois    .         Reflect  .   c - +0 hat
rElec    .         Harm     .   (no cloak)
rCorr    .         Rampage  .   e - +0 pair of gloves
Will     .....                  (no boots)
Stlth    +.........             o - amulet of guardian spirit
HPRegen  0.14/turn              (no ring)
MPRegen  0.09/turn              (no ring)

@: lethally poisoned (-5 -> -8), attractive, very slightly contaminated,
invisible
A: horns 2, retaliatory headbutt
a: Renounce Religion, Animate Remains, Recall Undead Slaves, Injury Mirror


You were on level 5 of the Dungeon.
You worshipped Yredelemnul.
Yredelemnul was pleased with you.
You visited 1 branch of the dungeon, and saw 4 of its levels.

You collected 87 gold pieces.

Inventory:

Hand Weapons
 a - a +0 war axe (weapon)
Missiles
 d - 3 throwing nets (quivered)
 k - 2 boomerangs
Armour
 b - a +0 leather armour (worn)
 c - a +0 hat (worn)
 e - a +0 pair of gloves (worn)
Jewellery
 o - an amulet of guardian spirit (around neck)
Wands
 j - a wand of flame (26)
Scrolls
 g - 2 scrolls of identify
 m - 2 scrolls of torment {unknown}
 n - a scroll of summoning {unknown}


   Skills:
 + Level 2.7 Fighting
 + Level 6.4 Axes
 - Level 2.0 Throwing
 + Level 1.0 Armour
 + Level 3.5 Dodging
 + Level 2.5 Invocations


You had 4 spell levels left.
You didn't know any spells.
Your spell library was empty.

Dungeon Overview and Level Annotations

Branches:
Dungeon (3/15)

Altars:
Yredelemnul

Shops:
D:2 :

Annotations:
D:3 2 transporters, belegose's ghost, amateur DgBr
D:5 Eustachio


Innate Abilities, Weirdness & Mutations

You have a pair of horns on your head.
You reflexively headbutt those who attack you in melee.


Message History

You miss Eustachio.
Eustachio is severely wounded.
You hit the crimson imp.
* * * LOW HITPOINT WARNING * * *
You feel very sick.
Eustachio casts a spell.
Eustachio blinks!
The crimson imp closely misses you. You furiously retaliate!
You headbutt the crimson imp.
* * * LOW HITPOINT WARNING * * *
You feel very sick.
* * * LOW HITPOINT WARNING * * *
You feel sick. The crimson imp misses you.
Eustachio mumbles some strange words.
Eustachio blinks!
It was a potion of degeneration.
There was something very wrong with that liquid.
You feel weakened.
You feel dopey.
You feel clumsy.
* * * LOW HITPOINT WARNING * * *
You feel sick. The crimson imp hits you.
* * * LOW HITPOINT WARNING * * *
Eustachio mumbles some strange words.
Eustachio blinks!
You fade into invisibility!
* * * LOW HITPOINT WARNING * * *
You feel sick. The crimson imp closely misses you. You furiously retaliate!
You headbutt the crimson imp.
You are very lightly contaminated with residual magic.
It was a potion of attraction.
You feel attractive to monsters.
* * * LOW HITPOINT WARNING * * *
You feel sick. The crimson imp barely misses you.
Eustachio is pulled toward you!
You aren't carrying any potions.
As you read the scroll labelled FAPLAYWEMOGH, it crumbles to dust.
The scroll dissolves into smoke.
It was a scroll of fog.
* * * LOW HITPOINT WARNING * * *
You feel sick.
Eustachio hits you with a +0 rapier of venom!
You die...
Your body rises from the dead as a mindless zombie.

#. # #. #. #.
########. #.##.
#b5.b55.. #....
#r######.
#(...#####5#
#......ยง@@#
##.....####
#..##.# #..##.#
#..##.###
#.......#
#####.......###
#.............#
#.###......>#.#


You could see Eustachio, a crimson imp (summoned) and a river rat (summoned).

Vanquished Creatures
  An iguana (D:5)
  A howler monkey zombie (D:5)
  6 gnolls
  3 adders
  A worm (D:2)
  4 dart slugs
  6 ball pythons
  7 endoplasms
  2 giant cockroaches (D:1)
  4 goblins
  9 hobgoblins
  12 jackals
  4 kobolds
  2 quokkas
  A bat (D:2)
  5 frilled lizards
  8 rats
76 creatures vanquished.

Vanquished Creatures (collateral kills)
  A worm (D:2)
  A bat (D:2)
  An endoplasm (D:2)
  A ball python (D:3)
  A frilled lizard (D:3)
5 creatures vanquished.

Vanquished Creatures (others)
  An adder zombie (D:2)
  2 dart slug zombies (D:2)
  A goblin zombie (D:2)
  An iguana zombie (D:5)
  A worm zombie (D:2)
6 creatures vanquished.

Grand Total: 87 creatures vanquished

Notes
Turn   | Place    | Note
-------+----------+-------------------------------------------
     0 | D:1      | pkoi the Minotaur Gladiator began the quest for the Orb.
     0 | D:1      | Reached XP level 1. HP: 18/18 MP: 0/0
    18 | D:1      | Reached skill level 4 in Axes
   211 | D:1      | Reached XP level 2. HP: 18/25 MP: 1/1
   562 | D:1      | Reached skill level 5 in Axes
   566 | D:1      | Reached XP level 3. HP: 27/30 MP: 2/2
   594 | D:1      | Found a faded altar of an unknown god.
   615 | D:1      | Became a worshipper of Yredelemnul the Dark
   615 | D:1      | Reached * piety under Yredelemnul
  1260 | D:2      | Reached skill level 1 in Invocations
  1281 | D:2      | Reached XP level 4. HP: 37/37 MP: 3/3
  1825 | D:2      | Found Qacel's Book Emporium.
  1858 | D:2      | Reached skill level 6 in Axes
  2629 | D:3      | Reached ** piety under Yredelemnul
  2630 | D:3      | Reached XP level 5. HP: 30/42 MP: 5/5
  3055 | D:3      | Found a transporter.
  3059 | D:3      | Noticed belegose's ghost (amateur DgBr)
  3084 | D:3      | Found a transporter.
  3146 | D:3      | You fall into a shaft and drop 2 floors!
  3146 | D:5      | Entered Level 5 of the Dungeon
  3184 | D:5      | Reached skill level 1 in Armour
  3214 | D:5      | Noticed Eustachio
  3249 | D:5      | HP: 2/42 [poisoned by Eustachio]
  3250 | D:5      | Slain by Eustachio

Illustrated notes

Levels and vault maps discovered:
D:1:      elethiomel_arrival_infinity_welcomes_careful_drivers, layout_basic,
          basic_ecumenical_altar, minmay_tromino_v7
D:2:      layout_basic, serial_shops, shop_fountains, minmay_close_crescents
D:3:      layout_basic, gammafunk_ghost_stat_death,
          chequers_serial_rivers_large_b
D:5:      layout_loops_ring, nicolae_ru_sacrificial_ziggurat,
          kennysheep_generic_room_4, uniq_eustachio

Skill      XL: |  1  2  3  4  5 |
---------------+----------------+-----
Axes           | 4 5 6 |  6.4
Invocations    | 1 2 |  2.5
Armour         | 1 |  1.0
Fighting       | |  2.7
Throwing       | |  2.0
Dodging        | |  3.5

Action                   |  1- 3 |  4- 6 || total
-------------------------+-------+-------++-------
Melee: War axe           |    70 |    91 ||   161
       Headbutt          |    13 |    18 ||    31
Invok: Animate Remains   |     3 |    14 ||    17
  Use: Scroll            |     3 |     1 ||     4
       Potion            |       |     3 ||     3
Armor: Leather armour    |    16 |    17 ||    33
Dodge: Dodged            |    49 |    64 ||   113
